 Dungeon Crawl Stone Soup version 0.27.0-1-g7a089689b8 (webtiles) character file.

Game seed: 1937665940284697178

94 inmateoo the Insei (level 4, -6/34 HPs)
             Began as a Gnoll Transmuter on Aug 2, 2021.
             Engulfed by a cloud of steam (8 damage)
             ... on level 3 of the Dungeon.
             The game lasted 00:01:56 (1399 turns).

inmateoo the Insei (Gnoll Transmuter)               Turns: 1399, Time: 00:01:56

Health: -6/34      AC:  2    Str:  9    XL:     4   Next: 63%
Magic:  9/11       EV: 22    Int: 13    God:
Gold:   108        SH:  0    Dex: 18    Spells: 7/13 levels left

rFire    . . .     SeeInvis .     - Unarmed
rCold    . . .     Faith    .   (shield currently unavailable)
rNeg     . . .     Spirit   .   (armour currently unavailable)
rPois    x         Reflect  .   (helmet currently unavailable)
rElec    .         Harm     .   (cloak currently unavailable)
rCorr    .         Rampage  .   (gloves currently unavailable)
Will     .....                  (boots currently unavailable)
Stlth    ++........             (no amulet)
HPRegen  0.11/turn              b - ring of wizardry
MPRegen  0.12/turn              (no ring)

@: spider-form
A: venomous fangs, tiny, (fangs 1), strong nose, distributed training
a: End Transformation


You were on level 3 of the Dungeon.
You were a venomous arachnid creature.
You visited 1 branch of the dungeon, and saw 3 of its levels.

You collected 108 gold pieces.

Inventory:

Hand Weapons
 c - a +1 dagger of venom
Armour
 a - a +0 robe (melded)
Jewellery
 b - a ring of wizardry (left front leg)
Wands
 g - a wand of charming (10)
Scrolls
 e - a scroll of magic mapping
 f - a scroll of identify
 h - a scroll of teleportation
Potions
 d - a potion of cancellation


   Skills:
 + Level 2.8 Fighting
 + Level 1.2 Short Blades
 + Level 1.2 Long Blades
 + Level 1.2 Axes
 + Level 1.2 Maces & Flails
 + Level 1.2 Polearms
 + Level 1.2 Staves
 + Level 1.2 Slings
 + Level 1.2 Bows
 + Level 1.2 Crossbows
 + Level 1.2 Throwing
 + Level 1.2 Armour
 + Level 4.6 Dodging
 + Level 1.2 Stealth
 + Level 1.2 Shields
 + Level 6.6 Unarmed Combat
 + Level 5.1 Spellcasting
 + Level 1.0 Conjurations
 + Level 1.0 Hexes
 + Level 1.0 Summonings
 + Level 1.0 Necromancy
 + Level 1.0 Translocations
 + Level 3.8 Transmutations
 + Level 1.0 Fire Magic
 + Level 1.0 Ice Magic
 + Level 1.0 Air Magic
 + Level 1.0 Earth Magic
 + Level 1.0 Poison Magic
 + Level 1.3 Invocations
 + Level 1.2 Evocations


You had 7 spell levels left.
You knew the following spells:

 Your Spells              Type           Power      Damage    Failure   Level
a - Beastly Appendage     Tmut           26%        N/A       4%          1
b - Wereblood             Tmut           13%        N/A       7%          2
c - Spider Form           Tmut/Pois      4%         N/A       17%         3

Your spell library contained the following spells:

 Spells                   Type           Power      Damage    Failure   Level
 Foxfire                  Conj/Fire      20%        2x1d5     12%         1
 Ice Form                 Ice/Tmut       9%         N/A       43%         4


Dungeon Overview and Level Annotations

Branches:
Dungeon (3/15)

Altars:


Innate Abilities, Weirdness & Mutations

You are a venomous arachnid creature.
You have poisonous fangs.
You are tiny and dextrous.
Your spellcasting is less reliable in this form.
Your armour is entirely melded.
You are incapable of wielding weapons or throwing items.
((You have very sharp teeth.))
Your uncanny sense of smell can sniff out nearby items.
Your experience applies equally to all skills.


Message History

Unknown command.
Okay, then.
The steam dragon bites you.
* * * LOW HITPOINT WARNING * * *
The steam dragon claws you but does no damage.
Unknown command.
Unknown command.
You bite the steam dragon!
The steam dragon is heavily wounded.
The steam dragon completely misses you. The steam dragon misses you.
Unknown command.
You barely miss the steam dragon.
The steam dragon is heavily wounded.
The steam dragon bites you.
* * * LOW HITPOINT WARNING * * *
The steam dragon barely misses you.
Unknown command.
You hit the steam dragon but do no damage.
The steam dragon is poisoned.
The steam dragon is heavily wounded.
The steam dragon misses you. The steam dragon closely misses you.
Unknown command.
You hit the steam dragon.
The steam dragon looks as sick as possible!
The steam dragon is severely wounded.
The hobgoblin closely misses you. The steam dragon closely misses you. x2
Unknown command.
You hit the hobgoblin but do no damage.
The hobgoblin is poisoned.
The hobgoblin closely misses you. The steam dragon breathes steam at you.
The ball of steam misses you.
Unknown command.
You hit the hobgoblin.
You kill the hobgoblin!
Unknown command.
You hit the steam dragon.
You kill the steam dragon!
The steam dragon scales are intact enough to wear.
You are engulfed in a cloud of scalding steam.
You die...

#+###+#
##.....#
#§s[..#
##§..##
#.<##
#........#
#####.#..#
#.#.##
#.#.#
#.#.# #.
..


There were no monsters in sight!

Vanquished Creatures
  A steam dragon (D:3)
  4 gnolls (D:2)
  A worm (D:2)
  2 ball pythons (D:1)
  4 endoplasms (D:1)
  3 giant cockroaches
  6 goblins
  5 hobgoblins
  4 jackals (D:1)
  3 quokkas
  4 bats
  3 frilled lizards
  5 kobolds
  6 rats (D:1)
51 creatures vanquished.

Notes
Turn   | Place    | Note
-------+----------+-------------------------------------------
     0 | D:1      | inmateoo the Gnoll Transmuter began the quest for the Orb.
     0 | D:1      | Reached XP level 1. HP: 17/17 MP: 6/6
   107 | D:1      | Reached XP level 2. HP: 15/23 MP: 5/7
   126 | D:1      | Learned a level 2 spell: Wereblood
   385 | D:1      | Reached XP level 3. HP: 26/28 MP: 9/9
   453 | D:1      | Reached skill level 5 in Spellcasting
   670 | D:1      | Found a faded altar of an unknown god.
   688 | D:1      | Got Plato's Almanac of Blows and Bruises
   698 | D:1      | Learned a level 3 spell: Spider Form
   708 | D:1      | Reached skill level 1 in Invocations
  1042 | D:2      | Reached skill level 1 in Short Blades
  1042 | D:2      | Reached skill level 1 in Long Blades
  1042 | D:2      | Reached skill level 1 in Axes
  1042 | D:2      | Reached skill level 1 in Maces & Flails
  1042 | D:2      | Reached skill level 1 in Polearms
  1042 | D:2      | Reached skill level 1 in Staves
  1042 | D:2      | Reached skill level 1 in Slings
  1042 | D:2      | Reached skill level 1 in Bows
  1042 | D:2      | Reached skill level 1 in Crossbows
  1042 | D:2      | Reached skill level 1 in Throwing
  1042 | D:2      | Reached skill level 1 in Armour
  1042 | D:2      | Reached skill level 1 in Stealth
  1042 | D:2      | Reached skill level 1 in Shields
  1042 | D:2      | Reached skill level 1 in Evocations
  1042 | D:2      | Reached XP level 4. HP: 18/34 MP: 2/11
  1061 | D:2      | Reached skill level 1 in Conjurations
  1061 | D:2      | Reached skill level 1 in Hexes
  1061 | D:2      | Reached skill level 1 in Summonings
  1061 | D:2      | Reached skill level 1 in Necromancy
  1061 | D:2      | Reached skill level 1 in Translocations
  1061 | D:2      | Reached skill level 1 in Fire Magic
  1061 | D:2      | Reached skill level 1 in Ice Magic
  1061 | D:2      | Reached skill level 1 in Air Magic
  1061 | D:2      | Reached skill level 1 in Earth Magic
  1061 | D:2      | Reached skill level 1 in Poison Magic
  1388 | D:3      | Noticed a steam dragon
  1394 | D:3      | HP: 1/34 [steam dragon (2)]
  1399 | D:3      | Killed a steam dragon
  1399 | D:3      | Engulfed by a cloud of steam

Illustrated notes

Levels and vault maps discovered:
D:1:      lightli_arrival_farm, layout_loops_cross,
          shapermc_ecumenical_altar_rom_forum, minmay_tetromino_i4
D:2:      layout_basic
D:3:      layout_loops_corners, mainiacjoe_overflow_24_doors,
          grunt_nemelex_the_gamble, mainiacjoe_overflow_divided_tiny,
          ebering_ghost_rock_garden, portal_sewer_entry_f

Skill      XL: |  1  2  3  4 |
---------------+-------------+-----
Spellcasting   | 5 |  5.1
Invocations    | 1 |  1.3
Short Blades   | 1 |  1.2
Long Blades    | 1 |  1.2
Axes           | 1 |  1.2
Maces & Flails | 1 |  1.2
Polearms       | 1 |  1.2
Staves         | 1 |  1.2
Slings         | 1 |  1.2
Bows           | 1 |  1.2
Crossbows      | 1 |  1.2
Throwing       | 1 |  1.2
Armour         | 1 |  1.2
Stealth        | 1 |  1.2
Shields        | 1 |  1.2
Evocations     | 1 |  1.2
Conjurations   | 1 |  1.0
Hexes          | 1 |  1.0
Summonings     | 1 |  1.0
Necromancy     | 1 |  1.0
Translocations | 1 |  1.0
Fire Magic     | 1 |  1.0
Ice Magic      | 1 |  1.0
Air Magic      | 1 |  1.0
Earth Magic    | 1 |  1.0
Poison Magic   | 1 |  1.0
Fighting       | |  2.8
Dodging        | |  4.6
Unarmed Combat | |  6.6
Transmutations | |  3.8

Action                   |  1- 3 |  4- 6 || total
-------------------------+-------+-------++-------
Melee: Unarmed           |   105 |    18 ||   123
       Kick              |     8 |       ||     8
       Bite              |     8 |       ||     8
       Punch             |     4 |       ||     4
       Headbutt          |     5 |       ||     5
 Cast: Beastly Appendage |    14 |     1 ||    15
       Spider Form       |     1 |     2 ||     3
       Wereblood         |     1 |       ||     1
  Use: Scroll            |     4 |       ||     4
 Stab: Sleeping          |     2 |     1 ||     3
Armor: Robe              |     7 |     2 ||     9
       Skin              |       |     1 ||     1
Dodge: Dodged            |    65 |    17 ||    82
